Construct Section Command Post
Selects Indian Artillery Battlegroup
Construct Platoon Command Post
Selects Gurkha Rifles Section
Unlock M3 Stuart Light Tanks
Selects Volunteer Infantry
Selects Artillery Saturation
Construct Company Command Post
Selects Off-map Airburst Barrage
Unlock Towed 17-pounder Anti-tank Guns
Selects BL5.5 Artillery Emplacement
17-pounder Anti-tank Gun Team
17-pounder Anti-tank Gun Team
17-pounder Anti-tank Gun Team
Unlock M3 Grant Medium Tanks
17-pounder Anti-tank Gun Team
17-pounder Anti-tank Gun Team